 Dungeon Crawl Stone Soup version 0.31-a0-803-g95b03c3367 (webtiles) character file.

Game seed: 16127810892573120083

528 Maratek the Sneak (level 7, 0/43 (48) HPs)
             Began as an Octopode Fighter on Sept 21, 2023.
             Slain by a wight
             ... wielding a +1 dagger
              (5 damage)
             ... on level 4 of the Dungeon.
             The game lasted 00:03:53 (3185 turns).

Maratek the Sneak (Octopode Fighter)                Turns: 3185, Time: 00:03:54

HP:   0/43 (48)     AC:  1    Str: 17    XL:     7   Next: 23%
MP:   16/16         EV: 13    Int: 16    God:
Gold: 168           SH:  4    Dex: 12    Spells: 6/6 levels left

rFire   . . .        r - +1 trident (venom)
rCold   . . .        b - +0 buckler
rNeg    . . .        (helmet restricted)
rPois   .            g - amulet of the acrobat
rElec   .            e - +6 ring of intelligence
rCorr   .            k - ring of magical power
SInv    .            (no ring)
Will    .....        (no ring)
Stlth   ++++         (no ring)
HPRegen 0.27/turn    (no ring)
MPRegen 0.15/turn    (no ring)
                     (no ring)

%: acrobat
@: heavily drained
A: almost no armour, amphibious, 8 rings, camouflage 1, gelatinous body 1,
(nimble swimmer 1), tentacles
a: no special abilities


You were on level 4 of the Dungeon.
You visited 1 branch of the dungeon, and saw 4 of its levels.

You collected 242 gold pieces.
You spent 74 gold pieces at shops.

Inventory:

Hand Weapons
 p - a +0 spear of flaming
 r - a +1 trident of venom (weapon)
Armour
 b - a +0 buckler (worn)
Jewellery
 e - a +6 ring of intelligence (left tentacle)
 g - an amulet of the acrobat (around mantle)
 k - a ring of magical power (right tentacle)
Scrolls
 h - a scroll of fog
 j - 3 scrolls of fear
Potions
 a - a potion of cancellation {unknown}
 c - a potion of might
 d - 2 potions of attraction
 f - a potion of curing
 i - a potion of enlightenment {unknown}
 l - a potion of degeneration {unknown}
 o - 2 potions of magic {unknown}


   Skills:
 + Level 4.1 Fighting
 + Level 4.9 Polearms
 + Level 3.9 Dodging
 + Level 5.3 Stealth
 + Level 3.5 Shields


You had 6 spell levels left.
You didn't know any spells.
Your spell library contained the following spells:

 Spells                   Type           Power      Damage    Failure   Level
 Dazzling Flash           Conj/Hex       0%         N/A       67%         3
 Volatile Blastmotes      Fire/Tloc      0%         2d10      67%         3
 Leda's Liquefaction      Hex/Erth       0%         N/A       97%         4
 Lee's Rapid Deconstruct  Erth           0%         3d4*      100%        5
 Leda's Unmaking          Conj/Erth      0%         9d1       100%        6
 Starburst                Conj/Fire      0%         6d3       100%        6
 Maxwell's Capacitive Co  Air            0%         ∞         100%        8


Dungeon Overview and Level Annotations

Branches:
Dungeon (4/15)
 Temple: D:4-7

Altars:
Cheibriados
Xom

Shops:
D:2 (

Annotations:
D:3 1 runed translucent door, Crazy Yiuf


Innate Abilities, Weirdness & Mutations

You cannot wear most types of armour.
You are amphibious.
You can wear up to eight rings at the same time.
Your skin changes colour to match your surroundings (Stealth+).
Your rubbery body absorbs attacks. (AC +1, EV +1)
((You are camouflaged when in or above water. (Stealth+)))
You have tentacles for arms and can constrict up to eight enemies at once.


Message History

The wight hits you with a +3 morningstar!
You feel drained.
You hit the wight but do no damage.
You squeeze the wight, but do no damage.
The wight is severely damaged.
You constrict the wight.
The wight hits you with a +3 morningstar!
You feel drained.
You are too injured to fight recklessly!
You are too injured to fight recklessly!
You release your grip on the wight.
The wight attacks as it pursues you! The wight closely misses you.
You are too injured to fight recklessly!
You are too injured to fight recklessly!
You are too injured to fight recklessly!
You are too injured to fight recklessly!
You are too injured to fight recklessly!
You are too injured to fight recklessly!
You are too injured to fight recklessly!
You barely miss the wight. You grab the wight. You squeeze the wight.
You destroy the wight!
You closely miss the wight. Your grab misses the wight.
Your squeeze misses the wight. The wight hits you with a +1 dagger.
* * * LOW HITPOINT WARNING * * *
You feel drained.
* * * LOW HITPOINT WARNING * * *
You hit the wight but do no damage. You grab the wight.
You squeeze the wight, but do no damage.
You constrict the wight.
The wight struggles to escape constriction.
You hit the wight but do no damage.
The wight is lightly damaged.
You constrict the wight.
The wight struggles to escape constriction.
You hit the wight. You squeeze the wight.
The wight is almost destroyed.
You constrict the wight. The wight hits you with a +1 dagger.
* * * LOW HITPOINT WARNING * * *
The wight hits you with a +1 dagger.
You die...

#.............###
#...............###
#.................##
###................#
###.............##
#..#...........#
#.####.........# ..
####.....## ###@.##
##z## ##z## #z.#
#......# #........#
.......?.#
#.........#
..##.##...#


You could see 3 wights.

Vanquished Creatures
  Grinder (D:3)
  An ogre (D:4)
  A wight (D:4)
  Terence (D:3)
  Natasha (thrice) (D:3)
  2 adders
  A worm (D:2)
  4 dart slugs
  3 orcs (D:3)
  2 ball pythons
  4 endoplasms
  2 giant cockroaches (D:1)
  10 goblins
  12 hobgoblins
  3 quokkas
  4 bats
  A frilled lizard (D:1)
  8 kobolds
  A rat (D:2)
64 creatures vanquished.

Notes
Turn   | Place    | Note
-------+----------+-------------------------------------------
     0 | D:1      | Maratek the Octopode Fighter began the quest for the Orb.
     0 | D:1      | Reached XP level 1. HP: 16/16 MP: 1/1
    77 | D:1      | Reached XP level 2. HP: 21/21 MP: 2/2
   657 | D:2      | Reached XP level 3. HP: 26/26 MP: 3/3
   694 | D:2      | Reached skill level 1 in Stealth
   775 | D:2      | Found a snail-covered altar of Cheibriados.
  1200 | D:2      | Found Kulowug's Weapon Shoppe.
  1208 | D:2      | Bought a +0 spear of flaming for 74 gold pieces
  1451 | D:3      | Reached skill level 2 in Stealth
  1451 | D:3      | Reached XP level 4. HP: 24/31 MP: 4/4
  1503 | D:3      | Noticed Natasha
  1505 | D:3      | Killed Natasha
  1646 | D:3      | Noticed Grinder
  1661 | D:3      | Paralysed by Grinder for 5 turns
  1671 | D:3      | Paralysed by Grinder for 2 turns
  1674 | D:3      | Killed Grinder
  1675 | D:3      | Reached skill level 3 in Stealth
  1675 | D:3      | Reached XP level 5. HP: 19/37 MP: 5/5
  1675 | D:3      | Reached XP level 6. HP: 22/43 MP: 6/6
  1775 | D:3      | Noticed Natasha
  1784 | D:3      | Killed Natasha
  1785 | D:3      | Reached skill level 4 in Stealth
  1936 | D:3      | Found a shimmering altar of Xom.
  2091 | D:3      | Noticed Terence
  2099 | D:3      | HP: 2/43 [Terence/+1 trident of venom (10)]
  2101 | D:3      | Killed Terence
  2457 | D:3      | Noticed Natasha
  2462 | D:3      | Killed Natasha
  2527 | D:3      | Found a runed translucent door.
  2528 | D:3      | Noticed Crazy Yiuf
  3132 | D:4      | Reached XP level 7. HP: 48/48 MP: 7/7
  3135 | D:4      | Reached skill level 5 in Stealth
  3185 | D:4      | Slain by a wight

Illustrated notes

Levels and vault maps discovered:
D:1:      amcnicky_arrival_single_pillar, layout_basic
D:2:      layout_loops_ring, basic_altar, serial_shops,
          nicolae_shop_tiny_statue_garden
D:3:      corexii_shack_village, layout_basic, brannock_xom_greatest_gift,
          amethyst_killhole, uniq_grinder, uniq_terence, uniq_natasha,
          uniq_crazy_yiuf_cottage
D:4:      layout_cave_pods, fedhas_altar_3, marbit_many_paths,
          minmay_temple_entry_junction_2

Skill      XL: |  1  2  3  4  5  6  7 |
---------------+----------------------+-----
Stealth        | 2 3 4 5 |  5.3
Polearms       | 4 |  4.9
Fighting       | 4 |  4.1
Dodging        | |  3.9
Shields        | |  3.5

Action                     |  1- 3 |  4- 6 |  7- 9 || total
---------------------------+-------+-------+-------++-------
  Melee: Trident           |    68 |    14 |    14 ||    96
         Constrict         |    15 |    10 |     4 ||    29
         Tentacles         |    13 |     8 |     6 ||    27
         Spear             |     7 |    59 |       ||    66
         Punch             |       |     3 |       ||     3
    Use: Scroll            |       |     7 |       ||     7
         Potion            |       |     1 |       ||     1
   Stab: Sleeping          |     9 |    11 |     1 ||    21
         Distracted        |       |     1 |       ||     1
 Armour: Skin              |    22 |    13 |     6 ||    41
  Dodge: Dodged            |    25 |    15 |     2 ||    42
  Block: Buckler           |    11 |    10 |     1 ||    22

Table legend: (Time is in decaauts)
 A = Elapsed time spent in this place.
 B = Non-inter-level travel time spent in this place.
 C = Inter-level travel time spent in this place.
 D = Time resting spent in this place.
 E = Time spent auto-exploring this place.
 F = Levels seen in this place.
 G = Mean time per level.
                   A        B        C        D        E       F      G
               +--------+--------+--------+--------+--------+-----+--------+
         Total |   3198 |   3041 |    157 |    392 |   2218 |   4 |  799.5 |
       Dungeon |   3198 |   3041 |    157 |    392 |   2218 |   4 |  799.5 |
               +--------+--------+--------+--------+--------+-----+--------+

Top non-repeatable levels by time:
     D:3: 1687 daAuts
     D:2: 782 daAuts
     D:1: 658 daAuts
     D:4: 69 daAuts
